 Dungeon Sprint DCSS version 0.29-a0-925-g0a7a3d12f8 (webtiles) character file.

Game seed: 6520309475107160694

592 Hipnos the Fighter (level 7, -3/74 HPs)
             Began as a Green Draconian Chaos Knight on July 29, 2022.
             Was a Plaything of Xom.
             Slain by a neqoxec (12 damage)
             ... in the Dungeon (Sprint II: "The Violet Keep of Menkaure").
             The game lasted 00:02:44 (251 turns).

Hipnos the Fighter (Green Draconian Chaos Knight)    Turns: 251, Time: 00:02:45

Health: -3/74      AC:  6    Str: 14    XL:     7   Next: 16%
Magic:  7/7        EV: 14    Int: 13    God:    Xom [..*...]
Gold:   243        SH:  0    Dex: 12    Spells: 6/6 levels left

rFire   . . .      SeeInvis .   a - +0 falchion (chaos)
rCold   . . .      Faith    .   (no shield)
rNeg    . . .      Spirit   .   (body armour unavailable)
rPois   +          Reflect  .   (helmet restricted)
rElec   .          Harm     .   (no cloak)
rCorr   .          Rampage  .   (no gloves)
Will    .....      NoTele   +   (no boots)
Stlth   +.........              (no amulet)
HPRegen 0.22/turn               (no ring)
MPRegen 0.10/turn               (no ring)

@: brilliant, short of breath
A: breathe noxious fumes, AC +6, unfitting armour, poison resistance,
cold-blooded, no potion heal 1
a: Breathe Noxious Fumes, Renounce Religion


You were in the Dungeon.
You worshipped Xom.
You were a toy of Xom.
You visited 1 branch You collected 243 gold pieces.

Inventory:

Hand Weapons
 a - a +0 falchion of chaos (weapon)
Scrolls
 h - a scroll of blinking
Potions
 c - a potion of curing
 e - a potion of haste
 f - 2 potions of magic
Miscellaneous
 b - a piece from Xom's chessboard (15/15) (quivered)


   Skills:
 + Level 11.3 Fighting
 + Level 10.6 Long Blades
 + Level 6.2 Dodging


You had 6 spell levels left.
You didn't know any spells.
Your spell library was empty.

Dungeon Overview and Level Annotations

Branches:
Dungeon (1/1)

Altars:


Innate Abilities, Weirdness & Mutations

You can breathe blasts of noxious fumes.
Your lurid green scales are hard. (AC +6)
You cannot fit into any form of body armour.
Your system is resistant to poisons. (rPois)
You are cold-blooded and may be slowed by cold attacks.
Potions are less effective at restoring your health.


Message History

Aim: a neqoxec (misshapen and mutated, 50% to hit)
You exhale a blast of noxious fumes.
The blast of choking fumes hits the neqoxec.
The neqoxec completely resists.
The blast of choking fumes misses the neqoxec.
The neqoxec hits you but does no damage.
You hit the neqoxec but do no damage. The neqoxec misses you.
You hit the neqoxec but do no damage. You hit the neqoxec.
You tail-slap the neqoxec.
The neqoxec is lightly wounded.
The neqoxec hits you!
* * * LOW HITPOINT WARNING * * *
You hit the neqoxec but do no damage.
The neqoxec seems to speed up.
The neqoxec is lightly wounded.
The neqoxec closely misses you.
You closely miss the neqoxec.
The neqoxec is lightly wounded.
The neqoxec hits you!
* * * LOW HITPOINT WARNING * * *
Your system partially rejects the healing.
You feel much better. The neqoxec hits you!
* * * LOW HITPOINT WARNING * * *
The neqoxec hits you!
* * * LOW HITPOINT WARNING * * *
Okay, then.
You barely miss the neqoxec. You tail-slap the neqoxec.
The neqoxec is moderately wounded.
The neqoxec completely misses you.
You hit the neqoxec. You burn the neqoxec.
The neqoxec is heavily wounded.
The neqoxec hits you.
* * * LOW HITPOINT WARNING * * *
You hit the neqoxec.
The neqoxec's magic leaks into the air.
The neqoxec is severely wounded.
The neqoxec falters for a moment.
You hit the neqoxec. You burn the neqoxec.
The neqoxec is almost dead.
The neqoxec falters for a moment.
The neqoxec hits you!
You die...
Xom bursts into laughter! ## ## ##. .## .. .. # B#B

### #l
#+###.## .#
#.##.##...#..#
#+.<.÷##.'..#
#l##@##.†.# #.
#3###.## # .3.
### .##.. ##
###


You could see 2 neqoxecs.

Vanquished Creatures
  2 neqoxecs (D)
  Menkaure (D)
  A water moccasin (D)
  4 necrophages (D)
8 creatures vanquished.

Notes
Turn   | Place    | Note
-------+----------+-------------------------------------------
     0 | D        | Hipnos the Draconian Chaos Knight began the quest for the
                  | Orb.
     0 | D        | Reached XP level 1. HP: 19/19 MP: 1/1
     1 | D        | Noticed a wyvern
     1 | D        | Noticed a wyvern
     5 | D        | Noticed a necrophage
     5 | D        | Noticed a necrophage
     5 | D        | Noticed a necrophage
     5 | D        | Noticed a necrophage
     9 | D        | Killed a necrophage
    10 | D        | Reached skill level 6 in Fighting
    10 | D        | Reached skill level 5 in Long Blades
    10 | D        | Reached XP level 2. HP: 30/30 MP: 2/2
    10 | D        | Reached XP level 3. HP: 37/37 MP: 3/3
    14 | D        | Killed a necrophage
    14 | D        | XOM: potion effect (brilliance)
    15 | D        | Reached skill level 7 in Fighting
    15 | D        | Reached XP level 4. HP: 47/47 MP: 4/4
    15 | D        | XOM: potion effect (curing)
    19 | D        | Killed a necrophage
    20 | D        | Reached skill level 8 in Fighting
    20 | D        | Reached XP level 5. HP: 51/55 MP: 5/5
    24 | D        | Reached skill level 9 in Fighting
    24 | D        | Reached skill level 5 in Dodging
    42 | D        | XOM: silly message
    63 | D        | Noticed a boulder beetle
    63 | D        | Noticed a boulder beetle
    65 | D        | Noticed Menkaure
    72 | D        | Killed Menkaure
    73 | D        | Reached XP level 6. HP: 40/64 MP: 6/6
   129 | D        | Noticed a water moccasin
   134 | D        | Killed a water moccasin
   223 | D        | Noticed a neqoxec
   223 | D        | Noticed a neqoxec
   223 | D        | Noticed a neqoxec
   223 | D        | Noticed a neqoxec
   228 | D        | Gained mutation: Potions are less effective at restoring
                  | your health. [a neqoxec]
   231 | D        | Killed a neqoxec
   232 | D        | Reached skill level 10 in Fighting
   232 | D        | Reached skill level 10 in Long Blades
   236 | D        | XOM: potion effect (brilliance)
   240 | D        | Killed a neqoxec
   241 | D        | Reached skill level 11 in Fighting
   241 | D        | Your scales start taking on a lurid green colour.
   241 | D        | Reached XP level 7. HP: 29/74 MP: 7/7
   241 | D        | Gained mutation: Your system is resistant to poisons.
                  | (rPois) [Green Draconian growth]
   251 | D        | Slain by a neqoxec

Illustrated notes

Levels and vault maps discovered:
D:        the_violet_keep_of_menkaure [sprint2_stairs_cluster_1,
          sprint2_shoproom, sprint2_temple, sprint2_basic_supplies,
          sprint2_obstacle_3, sprint2_obstacle_6, sprint2_obstacle_5,
          sprint2_obstacle_4, sprint2_obstacle_7, sprint2_timed_cluster_1,
          sprint2_smallroom_cluster_1, sprint2_smallroom_final_cluster_1,
          sprint2_transparent_cluster_1, sprint2_second_timed_cluster_1,
          sprint2_sniper_area_1, sprint2_heavy_combat_area_1,
          sprint2_mutation_trap_area_1, sprint2_forest_area_1,
          sprint2_light_combat_area_1, sprint2_behind_water_1,
          sprint2_near_end_vault_1]

Skill      XL: |  1  2  3  4  5  6 |
---------------+-------------------+-----
Fighting       | 6 7 8 9 11 | 11.3
Long Blades    | 5 6 7 8 10 | 10.6
Dodging        | 3 4 5 6 |  6.2

Action                   |  1- 3 |  4- 6 |  7- 9 || total
-------------------------+-------+-------+-------++-------
Melee: Falchion          |     8 |    32 |     9 ||    49
       Tailslap          |       |     4 |     2 ||     6
       Punch             |       |     2 |       ||     2
 Abil: Breathe Noxious F |       |       |     1 ||     1
Evoke: Piece from Xom's  |       |     1 |       ||     1
  Use: Potion            |     1 |       |     1 ||     2
Armor: Skin              |     1 |     3 |     1 ||     5
Dodge: Dodged            |       |     7 |     3 ||    10

Table legend: (Time is in decaauts)
 A = Elapsed time spent in this place.
 B = Non-inter-level travel time spent in this place.
 C = Inter-level travel time spent in this place.
 D = Time resting spent in this place.
 E = Time spent auto-exploring this place.
 F = Levels seen in this place.
 G = Mean time per level.
                   A        B        C        D        E       F      G
               +--------+--------+--------+--------+--------+-----+--------+
         Total |    248 |    248 |      0 |    174 |      0 |   1 |  248.0 |
       Dungeon |    248 |    248 |      0 |    174 |      0 |   1 |  248.0 |
               +--------+--------+--------+--------+--------+-----+--------+

Top non-repeatable levels by time:
       D: 248 daAuts
